[Event "Early-Titled-Tuesday-Blitz-September-26-2023"]
[Site "Chess.com"]
[Date "2023.09.26"]
[Round "3"]
[White "zozik"]
[Black "amelia91"]
[Result "0-1"]
[WhiteElo "2350"]
[BlackElo "2135"]
[TimeControl "180+1"]
[EndTime "8:27:22 PDT"]
[Termination "amelia91 won on time"]

1. d4 Nf6 2. Nf3 e6 3. g3 d5 4. Bg2 Be7 5. O-O O-O 6. c4 c6 7. Nc3 b6 8. Nd2 Bb7 9. e4 dxc4 10. Nxc4 Nbd7 11. Bf4 Re8 12. Rc1 Nf8 13. e5 Nd5 14. Ne4 Nxf4 15. gxf4 Ng6 16. Ncd6 Ba6 17. Qg4 Bxd6 18. Nxd6 Bxf1 19. Rxf1 Re7 20. Bxc6 Rb8 21. Be4 Rc7 22. f5 exf5 23. Qxf5 Qh4 24. Kh1 Rf8 25.
f4 Ne7 26. Qg5 Qxg5 27. fxg5 Nc8 28. Nf5 g6 29. Nh6+ Kg7 30. Bd5 Rd7 31. Bb3 Rxd4 32. Nxf7 Ne7 33. Rf6 Re4 34. e6 Nf5 35. Kg2 Re2+ 36.
Kf1 Rxb2 37. h4 Rc8 38. Nd6 Rc1+ 0-1

[Event "Early-Titled-Tuesday-Blitz-September-26-2023"]
[Site "Chess.com"]
[Date "2023.09.26"]
[Round "3"]
[White "Zavgorodniy_Sergiy"]
[Black "esrosenberg"]
[Result "0-1"]
[WhiteElo "2580"]
[BlackElo "2357"]
[TimeControl "180+1"]
[EndTime "8:27:24 PDT"]
[Termination "esrosenberg won by resignation"]

1. e4 e5 2. Nf3 Nc6 3. Bb5 Nf6 4.
d3 Ne7 5. O-O c6 6. Ba4 Ng6 7. d4 Be7 8. dxe5 Nxe4 9. Re1 Nc5 10. Bb3 Nxb3 11. axb3 O-O 12. Nc3 d6 13. exd6 Bxd6 14.
Be3 a6 15. Na4 Bg4 16. h3 Be6 17. Bc5 Bxc5 18. Nxc5 Bc8 19. Qe2 Qf6 20. c3 Nf4 21. Qe3 Nd5 22. Qd4 Qg6 23. Ne5 Qc2 24. c4 Nf6 25.
Rac1 Qf5 26. Rc3 b6 27. Na4 c5 28. Qh4 Bb7 29. Rg3 Ne4 30. Nxb6 Qxf2+ 31. Kh2 Nxg3 0-1

[Event "Early-Titled-Tuesday-Blitz-September-26-2023"]
[Site "Chess.com"]
[Date "2023.09.26"]
[Round "3"]
[White "Boxerandchessplayer"]
[Black "Bilan_Danila"]
[Result "1-0"]
[WhiteElo "2178"]
[BlackElo "2529"]
[TimeControl "180+1"]
[EndTime "8:27:25 PDT"]
[Termination "Boxerandchessplayer won on time"]

1. d4 d5 2. Nf3 Nf6 3. c4 c6 4. Qc2 e6 5. g3 Nbd7 6. Bg2 Ne4 7. O-O Bd6 8. Nc3 f5 9. Nd2 O-O 10. b3 Ndf6 11. f3 Nxc3 12. Qxc3 f4 13. e4 dxe4 14.
Nxe4 fxg3 15. hxg3 Nxe4 16. fxe4 Rxf1+ 17. Bxf1 e5 18. dxe5 Bc5+ 19. Be3 Qe7 20. Rd1 Bg4 21. Bxc5 Qxc5+ 22. Qd4 Qxd4+ 23. Rxd4 Re8 24. Kf2 Kf7 25. Ke3 Rxe5 26.
Kf4 Ra5 27. Kxg4 Ke6 28. a4 Re5 29. Bh3 h5+ 30. Kf4+ 1-0

[Event "Early-Titled-Tuesday-Blitz-September-26-2023"]
[Site "Chess.com"]
[Date "2023.09.26"]
[Round "3"]
[White "gau248"]
[Black "KatakuriDono"]
[Result "1-0"]
[WhiteElo "2594"]
[BlackElo "2327"]
[TimeControl "180+1"]
[EndTime "8:27:26 PDT"]
[Termination "gau248 won by resignation"]

1. c4 e5 2. d3 Nf6 3. Nf3 Nc6 4. a3 a5 5. Nc3 d6 6. g3 g6 7. Bg2 Bg7 8. O-O O-O 9. Bg5 h6 10. Bxf6 Qxf6 11. Nd5 Qd8 12. Nd2 f5 13. e3 Be6 14.
Qb3 Qc8 15. Qb5 Kh7 16. b4 e4 17. d4 Bxd5 18. cxd5 Ne7 19. Rfc1 c6 20. dxc6 bxc6 21.
Qc4 axb4 22. axb4 Rxa1 23. Rxa1 c5 24. bxc5 dxc5 25. Ra7 Nc6 26. Ra6 Nb4 27. Ra5 Nd3 28. dxc5 Rd8 29. Nb3 Nb2 30. Qa6 Rd1+ 31. Bf1 Qe6 32.
Qxe6 1-0

[Event "Early-Titled-Tuesday-Blitz-September-26-2023"]
[Site "Chess.com"]
[Date "2023.09.26"]
[Round "3"]
[White "Mikhail_Bryakin"]
[Black "SRob2003"]
[Result "1-0"]
[WhiteElo "2833"]
[BlackElo "2628"]
[TimeControl "180+1"]
[EndTime "8:27:30 PDT"]
[Termination "Mikhail_Bryakin won by resignation"]

1. Nf3 d5 2. g3 Bg4 3. Bg2 Nd7 4. d3 c6 5. O-O e5 6. h3 Bh5 7. e4 dxe4 8. dxe4 Ngf6 9. Nbd2 Bc5 10. c3 O-O 11. Qe2 Re8 12. Rd1 Qc7 13. Nf1 Nf8 14. g4 Bg6 15. Ng3 Ne6 16. Nf5 Nf4 17. Qc2 Rad8 18. Be3 Bxe3 19. fxe3 Nxg2 20. Kxg2 Bxf5 21. gxf5 Qb6 22. Kf2 h6 23. b3 Qc5 24. Ke2 a5 25. Rd3 Nxe4 26. Rxd8 Nxc3+ 27. Qxc3 Qxc3 28. Rxe8+ Kh7 29. Rd1 Qc2+ 30. Rd2 Qxf5 31. Nxe5 Qxh3 32. Rdd8 g5 33. Re7 1-0

[Event "Early-Titled-Tuesday-Blitz-September-26-2023"]
[Site "Chess.com"]
[Date "2023.09.26"]
[Round "3"]
[White "Wizard_97"]
[Black "AlmasRakhmatullaev"]
[Result "1/2-1/2"]
[WhiteElo "2558"]
[BlackElo "2779"]
[TimeControl "180+1"]
[EndTime "8:27:31 PDT"]
[Termination "Game drawn by repetition"]

1. e4 c5 2. Nf3 e6 3. d4 cxd4 4. Nxd4 Nf6 5. Nc3 Nc6 6. Nxc6 bxc6 7. e5 Nd5 8. Ne4 Qc7 9. f4 Qb6 10. c4 Bb4+ 11. Ke2 Ba6 12. Kf3 f5 13. exf6 Nxf6 14. Nxf6+ gxf6 15. Be3 Bc5 16. Bxc5 Qxc5 17. b3 O-O-O 18.
Qd2 d5 19. Qe3 Qxe3+ 20. Kxe3 d4+ 21. Kd2 c5 22. Bd3 Bb7 23. Rhe1 Kd7 24. Be4 Bxe4 25. Rxe4 Rhg8 26. Re2 Rg4 27. Rae1 Re8 28. Rf1 Reg8 29. Rff2 h5 30. Ke1 h4 31. Kf1 Kd6 32. Rf3 R8g6 33. Rxe6+ Kxe6 34. f5+ Ke5 35. fxg6 Rxg6 36. g3 Rg4 37.
Ke2 hxg3 38. hxg3 Ke4 39. Rxf6 Rxg3 40. Re6+ Kf4 41. Rf6+ Ke5 42. Rc6 Rg2+ 43. Kd3 Rg3+ 44. Ke2 Ke4 45. Re6+ Kf4 46. Rc6 Rg5 47. Ra6 Ke4 48.
Re6+ Re5 49. Ra6 Rg5 50. Re6+ Kf5 51. Rc6 Ke4 52. Re6+ 1/2-1/2

[Event "Early-Titled-Tuesday-Blitz-September-26-2023"]
[Site "Chess.com"]
[Date "2023.09.26"]
[Round "3"]
[White "meoluoi91"]
[Black "Bauman_Guy"]
[Result "0-1"]
[WhiteElo "2667"]
[BlackElo "2899"]
[TimeControl "180+1"]
[EndTime "8:27:32 PDT"]
[Termination "Bauman_Guy won by resignation"]

1. d4 Nf6 2. c4 b6 3. Nc3 Bb7 4. Bg5 g6 5. f3 Bg7 6. e4 O-O 7. Nge2 d6 8. Qd2 e5 9. d5 a5 10.
Ng3 Na6 11. h4 h5 12. Be2 Nc5 13. b3 Qd7 14. O-O Nh7 15. Bh6 Qe7 16. Bg5 Nxg5 17. hxg5 Rfe8 18. Nh1 Bc8 19. Nf2 Bd7 20. Rab1 Qd8 21.
a3 Bf8 22. g3 a4 23. b4 Nb3 24. Qe3 Nd4 25. Bd3 Qxg5 26. f4 exf4 27. Qxf4 Bh6 28. Qxg5 Bxg5 29. Kg2 Kg7 30. Nh3 Bf6 31. Nd1 Nb3 32. Rf2 Bd4 33. Re2 Bg4 34. Nf4 Bxe2 35. Nxe2 Be5 36. Ne3 Bf6 37. Nf1 Re7 38. Bc2 Rae8 39.
Kf3 Bg5 40. Bd3 f5 41. exf5 Re3+ 0-1

[Event "Early-Titled-Tuesday-Blitz-September-26-2023"]
[Site "Chess.com"]
[Date "2023.09.26"]
[Round "3"]
[White "Defenstrator"]
[Black "KononenkoD"]
[Result "0-1"]
[WhiteElo "2361"]
[BlackElo "2606"]
[TimeControl "180+1"]
[EndTime "8:27:32 PDT"]
[Termination "KononenkoD won on time"]

1. Nc3 d5 2. e4 dxe4 3. Nxe4 Bf5 4. Qf3 Bg6 5. Nh3 c6 6. Bc4 e6 7. Nf4 Nd7 8. Bxe6 Qe7 9. Bxd7+ Kxd7 10. Nxg6 hxg6 11. O-O f5 12. Nc3 Qh4 13. h3 Bd6 14. d4 Nf6 15. d5 c5 16. Nb5 Be5 17. d6 Ne4 18. Nc3 Bxc3 19. bxc3 Raf8 20. Rb1 b6 21. a4 g5 22. Qd3 g4 23. Qb5+ Ke6 24.
Qc4+ Kf6 25. Bf4 gxh3 26. g3 h2+ 27. Kh1 Qg4 28. Kg2 g5 29. f3 Qh3+ 30. Kh1 gxf4 31. fxe4 Qxg3 32. e5+ Kg5 33. Qe6 f3 34. Qe7+ Kh5 0-1

[Event "Early-Titled-Tuesday-Blitz-September-26-2023"]
[Site "Chess.com"]
[Date "2023.09.26"]
[Round "3"]
[White "MFatigue"]
[Black "chesskov1982"]
[Result "0-1"]
[WhiteElo "2507"]
[BlackElo "2795"]
[TimeControl "180+1"]
[EndTime "8:27:33 PDT"]
[Termination "chesskov1982 won by resignation"]

1. e4 c6 2. Bc4 d5 3. Bb3 Nf6 4. e5 Ng4 5. d4 Nh6 6. Bxh6 gxh6 7. Qh5 e6 8. Nf3 a5 9. c3 Rg8 10. g4 a4 11. Bc2 Qb6 12. b4 axb3 13. Bxb3 Nd7 14.
Nbd2 c5 15. O-O c4 16. Bc2 Ra3 17. Nb1 Ra7 18. Nbd2 Qb2 19. Bxh7 Rg7 20. Rab1 Qxa2 21. Ra1 Qxa1 22. Rxa1 Rxa1+ 23. Kg2 Rc1 24. Bb1 b5 25. g5 hxg5 26. Nxg5 Rxc3 27. Kf1 Rc1+ 28. Ke2 c3 29. Bd3 cxd2 30. Kxd2 Rc7 31. Nxe6 Rb7 32. Nxg7+ Bxg7 33. e6 Nf6 34. exf7+ Kf8 35. Qe2 Rxf7 36.
Bxb5 Ne4+ 37. Kc2 Rxf2 0-1

[Event "Early-Titled-Tuesday-Blitz-September-26-2023"]
[Site "Chess.com"]
[Date "2023.09.26"]
[Round "3"]
[White "GaalZsoka"]
[Black "Zampronha1971"]
[Result "1-0"]
[WhiteElo "2457"]
[BlackElo "2266"]
[TimeControl "180+1"]
[EndTime "8:27:34 PDT"]
[Termination "GaalZsoka won by resignation"]

1. Nf3 Nf6 2. g3 d5 3. Bg2 Bf5 4. O-O e6 5. b3 c6 6. Bb2 Bd6 7. c4 O-O 8. d3 Bg6 9. Nbd2 Nbd7 10. Rc1 e5 11. Nh4 Re8 12. Nxg6 hxg6 13. Nf3 Qe7 14. Rc2 Rad8 15. Qa1 d4 16. a3 c5 17. b4 cxb4 18.
axb4 Bxb4 19. Ng5 a5 20. Bxb7 Nc5 21. Bc6 Rf8 22. h4 Ng4 23. Bd5 Nf6 24. Bg2 Qd6 25. Rb1 Rfe8 26. Ba3 Rb8 27. Rcb2 Bc3 28. Rxb8 Bxa1 29.
Rxe8+ Nxe8 30. Ne4 Qc7 31. Nxc5 Bc3 32. Rb7 Qc8 33.
Bd5 Nd6 34. Ra7 Bb4 35. Bxb4 axb4 36. Ra8 Qxa8 37. Bxa8 f5 38. Bd5+ Kf8 39. Nb3 Ke7 40. f4 e4 41. Nxd4 1-0

[Event "Early-Titled-Tuesday-Blitz-September-26-2023"]
[Site "Chess.com"]
[Date "2023.09.26"]
[Round "3"]
[White "toniv1"]
[Black "GradualismUnleashed"]
[Result "0-1"]
[WhiteElo "2353"]
[BlackElo "2599"]
[TimeControl "180+1"]
[EndTime "8:27:35 PDT"]
[Termination "GradualismUnleashed won by resignation"]

1. e4 c5 2. Nc3 e6 3. Nf3 Nc6 4. d4 cxd4 5. Nxd4 Qc7 6. Be3 a6 7. f3 Nf6 8. Qd2 Be7 9. O-O-O b5 10. Kb1 Bb7 11. g4 Nxd4 12. Bxd4 O-O 13. h4 d5 14. g5 Nh5 15. exd5 b4 16. d6 bxc3 17. dxc7 cxd2 18. Rxd2 Rac8 19. Be5 f6 20. gxf6 Bxf6 21. Bd6 Rf7 22. Bh3 Rfxc7 23. Bxe6+ Kh8 24. Bxc7 Rxc7 25. Rd7 Rxd7 26.
Bxd7 Bxf3 27. Re1 g6 28. Bc8 Bxh4 29. Re8+ Kg7 30. Bxa6 g5 31. c4 g4 32. c5 g3 33.
Bf1 g2 34. Bxg2 Bxg2 35. b4 Nf6 36. Re2 Bf3 37. Re3 Be4+ 38. Kb2 Bf2 39. Rh3 h5 40. a4 h4 41. a5 Bg2 42. Rh2 h3 43. a6 Ng4 44. Rxh3 Bxh3 45. c6 Bb6 46. Kb3 Bg2 47. b5 Ne5 48. Kb4 Kf6 49. c7 Bxc7 50. Kc5 Nd7+ 51. Kc4 Bb6 0-1

[Event "Early-Titled-Tuesday-Blitz-September-26-2023"]
[Site "Chess.com"]
[Date "2023.09.26"]
[Round "3"]
[White "Oleksandr_Bortnyk"]
[Black "nikitakhoroshev"]
[Result "1-0"]
[WhiteElo "3037"]
[BlackElo "2630"]
[TimeControl "180+1"]
[EndTime "8:27:36 PDT"]
[Termination "Oleksandr_Bortnyk won by resignation"]

1. e4 e6 2. d4 d5 3. Nc3 Nc6 4. Be3 Bb4 5. exd5 exd5 6. Bd3 Nge7 7. Qh5 Qd7 8. h3 Nf5 9. Nf3 g6 10. Qg5 Be7 11. Bxf5 gxf5 12. Qg7 Rf8 13. O-O-O f4 14.
Bxf4 Qf5 15. Bxc7 Be6 16. Rhe1 Rc8 17. Bg3 Bf6 18. Qg4 Qxg4 19. hxg4 Kd7 20. g5 Bg7 21. Ne5+ Bxe5 22. Bxe5 Ne7 23. Rh1 Bf5 24. Rh6 Bg6 25. g4 b5 26. Rd2 b4 27. Na4 Nc6 28.
f4 Nxe5 29. dxe5 Be4 30. f5 Rg8 31. Rxh7 Ke8 32. g6 fxg6 33. f6 Rf8 34. Re7+ Kd8 35. g5 Rc6 36. Rxa7 Re8 37. f7 Rf8 38. Rf2 Bf5 39. b3 Re6 40. Rxf5 gxf5 41. Nc5 Rxe5 42. g6 Re1+ 43. Kd2 Rg1 44. Ne6+ 1-0

[Event "Early-Titled-Tuesday-Blitz-September-26-2023"]
[Site "Chess.com"]
[Date "2023.09.26"]
[Round "3"]
[White "Agibileg"]
[Black "platy3"]
[Result "1-0"]
[WhiteElo "2674"]
[BlackElo "2870"]
[TimeControl "180+1"]
[EndTime "8:27:38 PDT"]
[Termination "Agibileg won by resignation"]

1. d4 Nf6 2. c4 e6 3. Nc3 d5 4.
cxd5 exd5 5. Bg5 Bb4 6. e3 h6 7. Bxf6 Qxf6 8. Bd3 c5 9. a3 Bxc3+ 10. bxc3 O-O 11. Ne2 Nc6 12. O-O c4 13. Bc2 b5 14.
f3 a5 15. e4 Be6 16. e5 Qe7 17. Ng3 b4 18. f4 f5 19. axb4 axb4 20. Rxa8 Rxa8 21. Bxf5 bxc3 22. Bxe6+ Qxe6 23. f5 Qf7 24. f6 Qg6 25. Nf5 gxf6 26. Qf3 fxe5 27. Qxd5+ Kh7 28.
Nh4 Rd8 29. Rf7+ Kg8 30. Rd7+ 1-0

[Event "Early-Titled-Tuesday-Blitz-September-26-2023"]
[Site "Chess.com"]
[Date "2023.09.26"]
[Round "3"]
[White "h4parah5"]
[Black "ActorXu"]
[Result "1/2-1/2"]
[WhiteElo "2957"]
[BlackElo "2695"]
[TimeControl "180+1"]
[EndTime "8:27:40 PDT"]
[Termination "Game drawn by repetition"]

1. Nf3 d5 2. e3 Nf6 3. c4 e6 4. b3 b6 5. Bb2 Bb7 6. Nc3 Nbd7 7.
cxd5 exd5 8. Rc1 a6 9. Ne2 c5 10. Ng3 g6 11. d4 Bg7 12. Bd3 O-O 13. O-O Ne4 14. Qe2 Re8 15. Rfd1 cxd4 16. Bxd4 Nxg3 17. hxg3 Bxd4 18. Nxd4 Nc5 19. b4 Ne6 20. Nxe6 Rxe6 21. Qb2 Rc8 22. Qd4 Rxc1 23. Rxc1 Qd7 24. g4 Rc6 25.
Rxc6 Qxc6 26. g5 Qe6 27. a4 Bc8 28. a5 bxa5 29. bxa5 Qc6 30. Be2 Qc1+ 31. Bf1 Bd7 32. Qxd5 Bb5 33. Qd8+ Kg7 34. Qf6+ Kg8 35. Qd8+ Kg7 36.
Qf6+ Kg8 37. Qd8+ 1/2-1/2

[Event "Early-Titled-Tuesday-Blitz-September-26-2023"]
[Site "Chess.com"]
[Date "2023.09.26"]
[Round "3"]
[White "KVAIDAN"]
[Black "MaevskiyNikolay"]
[Result "1-0"]
[WhiteElo "2272"]
[BlackElo "2554"]
[TimeControl "180+1"]
[EndTime "8:27:40 PDT"]
[Termination "KVAIDAN won by checkmate"]

1. f4 g6 2. Nf3 d5 3. e3 Bg7 4. Be2 c5 5. O-O d4 6. Na3 Nc6 7. Qe1 Nh6 8. Nc4 b5 9. Nce5 Nxe5 10. Nxe5 Qb6 11. a4 bxa4 12. Nc4 Qc7 13. Rxa4 O-O 14. e4 Bd7 15. Ra1 f5 16. e5 Bc6 17. d3 Nf7 18. Bd2 Rfb8 19. Ba5 Qc8 20. b4 Bd5 21. Bf3 Qe6 22. bxc5 Rc8 23. Bb4 Nd8 24. Ba3 Nc6 25.
Rb1 Rab8 26. Bxd5 Qxd5 27. Qd2 Bh6 28. g3 Nxe5 29. Rxb8 Rxb8 30. Qa5 Nf3+ 31. Kf2 Nxh2 32. Kg1 Ng4 33. Qc7 Re8 34. c6 g5 35. Bxe7 gxf4 36. Qd7 Qf7 37. c7 Qh5 38. Bh4 fxg3 39. c8=Q Rxc8 40. Qxc8+ Bf8 41. Qe6+ Kh8 42. Qxf5 Qxh4 43.
Qxf8# 1-0

[Event "Early-Titled-Tuesday-Blitz-September-26-2023"]
[Site "Chess.com"]
[Date "2023.09.26"]
[Round "3"]
[White "Mesa_1"]
[Black "SargissyanSargis"]
[Result "1/2-1/2"]
[WhiteElo "2664"]
[BlackElo "2427"]
[TimeControl "180+1"]
[EndTime "8:27:42 PDT"]
[Termination "Game drawn by repetition"]

1. e4 e5 2. Nf3 Nc6 3. Bb5 a6 4. Bxc6 dxc6 5. O-O Bd6 6. d4 f6 7. dxe5 Bxe5 8. Qxd8+ Kxd8 9. Nxe5 fxe5 10. Nd2 Nf6 11. Nf3 Nxe4 12. Nxe5 Be6 13. f3 Nf6 14. b3 Kc8 15. Bb2 c5 16. Rfe1 Re8 17. Re2 b6 18.
Rae1 Kb7 19. Nd3 Bf7 20. Re7 Bg6 21. Nf4 Rxe7 22. Rxe7 Rd8 23. Be5 Nd5 24. Rxg7 Nxf4 25. Bxf4 Bxc2 26. Rxc7+ Ka8 27. Rc6 Kb7 28. Rc7+ Ka8 29.
Be5 Rd2 30. g4 Bd1 31. Rc8+ Kb7 32. Rc7+ Ka8 33. Rc8+ Kb7 34. Rc7+ Ka8 1/2-1/2

[Event "Early-Titled-Tuesday-Blitz-September-26-2023"]
[Site "Chess.com"]
[Date "2023.09.26"]
[Round "3"]
[White "Crazy_girl99"]
[Black "ChainedDowntohell"]
[Result "1-0"]
[WhiteElo "2734"]
[BlackElo "2483"]
[TimeControl "180+1"]
[EndTime "8:27:43 PDT"]
[Termination "Crazy_girl99 won on time"]

1. Nf3 d5 2. d4 Nf6 3. Bf4 e6 4. e3 Bd6 5. Bg3 Nc6 6. Nbd2 Ne7 7. c3 Nf5 8. Bd3 O-O 9. Qc2 b6 10. O-O-O c5 11. Kb1 c4 12. Be2 Bb7 13. Ne5 b5 14. Bf3 a5 15. e4 Nxg3 16. hxg3 Qc7 17. exd5 Bxe5 18. dxe5 Qxe5 19. dxe6 Rab8 20. exf7+ Rxf7 21. Rde1 Qc5 22. Bxb7 Rfxb7 23. Ne4 Nxe4 24. Qxe4 h6 25. Qe6+ Kh7 26. Qe3 Qc7 27. Rh4 b4 28. Qe4+ Kh8 29.
Qxc4 Qd6 30. Rd4 Qf6 31. Rf4 Qg5 32. Re2 1-0

[Event "Early-Titled-Tuesday-Blitz-September-26-2023"]
[Site "Chess.com"]
[Date "2023.09.26"]
[Round "3"]
[White "Mackster23"]
[Black "AnaKuchava"]
[Result "1-0"]
[WhiteElo "2563"]
[BlackElo "2234"]
[TimeControl "180+1"]
[EndTime "8:27:43 PDT"]
[Termination "Mackster23 won by resignation"]

1. e4 c5 2. Nc3 Nc6 3. Nge2 e6 4.
d4 cxd4 5. Nxd4 a6 6. Be3 Nf6 7. Be2 d6 8. Qd2 Be7 9. O-O-O Qc7 10. g4 b5 11. g5 Nd7 12. f4 b4 13. Na4 Nc5 14.
Nxc5 dxc5 15. Nxc6 Qxc6 16. f5 Bb7 17. f6 gxf6 18.
gxf6 Bxf6 19. Rhf1 Bg7 20. Bh5 O-O 21. Bh6 Qxe4 22. Rg1 Qe5 23. Bxg7 Qxg7 24. Rxg7+ Kxg7 25. Qg5+ Kh8 26. Qf6+ Kg8 27. Rg1+ 1-0

[Event "Early-Titled-Tuesday-Blitz-September-26-2023"]
[Site "Chess.com"]
[Date "2023.09.26"]
[Round "3"]
[White "Good_Knight_Kiss"]
[Black "DarZay"]
[Result "1-0"]
[WhiteElo "2395"]
[BlackElo "2213"]
[TimeControl "180+1"]
[EndTime "8:27:43 PDT"]
[Termination "Good_Knight_Kiss won by checkmate"]

1. e4 c5 2. Nf3 Nc6 3. d4 cxd4 4. Nxd4 Nf6 5. Nc3 d6 6. Nd5 Nxd4 7. Qxd4 Nxd5 8. exd5 e5 9. dxe6 fxe6 10. Bb5+ Bd7 11.
Bxd7+ Qxd7 12. O-O O-O-O 13. Qxa7 e5 14. Be3 Qc6 15.
c4 Be7 16. b4 Kd7 17. b5 Qc7 18. Bb6 Ra8 19. Qxa8 Rxa8 20. Bxc7 Kxc7 21. a4 b6 22. Ra2 Bf6 23. f3 Kb7 24. Rc1 Rc8 25. a5 bxa5 26. Rxa5 Rc5 27. Rca1 Rxc4 28. Ra7+ Kb6 29.
Rd7 e4 30. Rxd6+ Kc7 31. Rad1 e3 32. R6d3 e2 33. Re1 Rc2 34. Kf2 Rb2 35. Rxe2 Rxb5 36. Rc2+ Kb6 37. f4 Rb4 38. g3 Bd4+ 39. Kf3 h6 40.
Rcd2 Bf6 41. Rc2 Rb1 42. g4 Rf1+ 43. Ke4 Rg1 44. Rb3+ Ka5 45. Ra2# 1-0

[Event "Early-Titled-Tuesday-Blitz-September-26-2023"]
[Site "Chess.com"]
[Date "2023.09.26"]
[Round "3"]
[White "chito89"]
[Black "Keeper0416"]
[Result "1/2-1/2"]
[WhiteElo "2790"]
[BlackElo "2565"]
[TimeControl "180+1"]
[EndTime "8:27:44 PDT"]
[Termination "Game drawn by agreement"]

1. d4 d5 2. c4 c6 3. Nf3 Nf6 4.
g3 Bf5 5. Nc3 e6 6. Nh4 Be4 7. f3 Bg6 8. Qb3 Qb6 9. c5 Qxb3 10.
axb3 Na6 11. Nxg6 hxg6 12. Ra4 Nc7 13. Bf4 Kd7 14. e4 Nh5 15. Bxc7 Kxc7 16. Kf2 a6 17. e5 g5 18. b4 Rb8 19. h4 gxh4 20.
Rxh4 Be7 21. Rh3 g6 22. Ra1 Ng7 23. Ne2 Rxh3 24. Bxh3 Rh8 25. Bg4 Kd7 26. Kg2 Bg5 27. f4 Bd8 28. Ng1 Be7 29. Bh3 Ne8 30. Ne2 Nc7 31.
g4 Rg8 32. Rf1 Nb5 33. Kf3 Rh8 34. Kg3 Bh4+ 35. Kg2 Be7 36. Rf3 Rh7 37. f5 g5 38.
Rd3 1/2-1/2

[Event "Early-Titled-Tuesday-Blitz-September-26-2023"]
[Site "Chess.com"]
[Date "2023.09.26"]
[Round "3"]
[White "RamonManon0g"]
[Black "Vesper2018"]
[Result "0-1"]
[WhiteElo "2301"]
[BlackElo "2582"]
[TimeControl "180+1"]
[EndTime "8:27:45 PDT"]
[Termination "Vesper2018 won by checkmate"]

1. e4 c5 2. Nf3 d6 3. Bb5+ Nd7 4. a4 Nf6 5. Nc3 a6 6. Be2 b6 7. O-O Bb7 8. d3 g6 9. Bg5 Bg7 10. Qd2 O-O 11. Bh6 Ne5 12. Nxe5 dxe5 13. Bxg7 Kxg7 14. f4 Qd4+ 15. Kh1 e6 16. Bf3 Rad8 17. f5 exf5 18.
exf5 e4 19. Be2 e3 20. Qe1 Ng4 21. Bxg4 Qxg4 22. f6+ Kh8 23. Qe2 Qg5 24. Rae1 Rfe8 25. Ne4 Bxe4 26. dxe4 Rxe4 27. Qxa6 Rde8 28. Re2 Rf4 29. Rg1 Rxf6 30. Qb5 Rfe6 31. c3 Qd5 32. b4 Rd8 33. c4 Qd3 34. Ree1 cxb4 35. Qxb4 e2 36. h3 Kg8 37. c5 Rd4 38. Qb2 Rh4 39.
Kh2 Re3 40. g3 Qf5 41. Rxe2 Qxh3# 0-1

[Event "Early-Titled-Tuesday-Blitz-September-26-2023"]
[Site "Chess.com"]
[Date "2023.09.26"]
[Round "3"]
[White "Mr_Lion22"]
[Black "zimmm36"]
[Result "0-1"]
[WhiteElo "2476"]
[BlackElo "2678"]
[TimeControl "180+1"]
[EndTime "8:27:46 PDT"]
[Termination "zimmm36 won on time"]

1. d4 Nf6 2. c4 e6 3. Nc3 d5 4. cxd5 Nxd5 5. e4 Nxc3 6. bxc3 c5 7. Nf3 cxd4 8. cxd4 Bb4+ 9. Bd2 Bxd2+ 10. Qxd2 O-O 11. Bc4 Nd7 12. O-O b6 13. Rfe1 Bb7 14. Rad1 Rc8 15. Bb3 b5 16. a4 bxa4 17. Bxa4 Nb6 18. Bb3 h6 19. Qa5 a6 20. Rb1 Rc6 21. Ne5 Rd6 22. Ba2 Bc8 23. Rec1 Nd7 24. Qxd8 Rxd8 25. Nc6 Re8 26. Na7 Nb6 27. e5 Rd7 28. Nc6 Nd5 29. Bxd5 Rxd5 30. Rb8 Kh7 31. Nb4 Rxd4 32. Nxa6 Bd7 33.
Rb7 Bc8 34. Ra7 Bxa6 35. Rxa6 Red8 36. Raa1 R8d5 37. Re1 Rd2 38. g3 h5 39. Kg2 g5 40.
h4 gxh4 41. gxh4 R5d4 42. Rh1 Rg4+ 43. Kf3 Rd3+ 44. Ke2 Rb3 45. Rae1 Kg6 46. f3 Rg2+ 47. Kf1 Rc2 48. Rg1+ Kf5 49. Re4 Rxf3+ 50. Ke1 Rc1+ 51.
Ke2 Rd1 0-1

[Event "Early-Titled-Tuesday-Blitz-September-26-2023"]
[Site "Chess.com"]
[Date "2023.09.26"]
[Round "3"]
[White "whiteglovethief"]
[Black "skkeyan1309"]
[Result "1-0"]
[WhiteElo "2508"]
[BlackElo "2720"]
[TimeControl "180+1"]
[EndTime "8:27:46 PDT"]
[Termination "whiteglovethief won by resignation"]

1. d4 d5 2. c4 c6 3. Nf3 Nf6 4. e3 e6 5. Nc3 Nbd7 6. Bd3 Bd6 7. O-O O-O 8. e4 dxc4 9. Bxc4 b5 10. Bb3 b4 11. e5 bxc3 12. bxc3 Be7 13. exf6 Nxf6 14. Ne5 Bb7 15. Re1 c5 16. Nxf7 Rxf7 17. Bxe6 Bd5 18. Bxf7+ Bxf7 19. dxc5 Qxd1 20. Rxd1 Bxc5 21. Be3 Bxe3 22.
fxe3 Rc8 23. Rab1 Bxa2 24. Ra1 Bb3 25. Rdb1 Rxc3 26. Ra3 Rxe3 27. Rbxb3 Re2 28. Rxa7 h5 29. Rbb7 Ng4 30. Rxg7+ Kf8 31. Raf7+ Ke8 32. h3 Ne3 33.
Rf3 h4 34. Rxe3+ Rxe3 35. Rg4 Kf7 36. Rxh4 Re2 37. Rf4+ Kg6 38. Rf2 Re3 39. Kh2 Ra3 40. g3 Kg5 41. h4+ Kg4 42. Rf4+ Kh5 43. Kh3 Rb3 44. Rc4 Ra3 45. Rc5+ Kg6 46. h5+ Kh6 47. Kh4 Ra1 48. Rc6+ Kg7 49. g4 Ra5 50. h6+ Kh7 51. g5 Ra1 52. Rc7+ Kg6 53. Rg7+ Kf5 54. h7 Rh1+ 55. Kg3 Rh5 56. g6 Kf6 57. Rg8 1-0

[Event "Early-Titled-Tuesday-Blitz-September-26-2023"]
[Site "Chess.com"]
[Date "2023.09.26"]
[Round "3"]
[White "OparinGrigoriy"]
[Black "atigerman"]
[Result "0-1"]
[WhiteElo "2956"]
[BlackElo "2721"]
[TimeControl "180+1"]
[EndTime "8:27:50 PDT"]
[Termination "atigerman won by resignation"]

1. c4 Nf6 2. Nc3 c5 3. Nf3 Nc6 4. d4 cxd4 5. Nxd4 e6 6. e4 Bb4 7. Nxc6 bxc6 8. Bd3 O-O 9. e5 Qa5 10. exf6 Bxc3+ 11. bxc3 Qxc3+ 12. Kf1 Qxa1 13. fxg7 Qxg7 14.
h4 f5 15. Rh3 f4 16. h5 d5 17. h6 Qg5 18. Rh5 Qf6 19. Qg4+ Kf7 20. Rg5 Qxh6 21.
Ba3 e5 22. Bf5 Rg8 23. Rxg8 Bxf5 24. Qg5 Qxg5 25. Rxg5 Kf6 26. Rh5 dxc4 27. Ke2 Bg4+ 0-1

[Event "Early-Titled-Tuesday-Blitz-September-26-2023"]
[Site "Chess.com"]
[Date "2023.09.26"]
[Round "3"]
[White "ljm509"]
[Black "subham777"]
[Result "0-1"]
[WhiteElo "2317"]
[BlackElo "2590"]
[TimeControl "180+1"]
[EndTime "8:27:50 PDT"]
[Termination "subham777 won on time"]

1. e4 e6 2. d4 d5 3. Nc3 Nf6 4. e5 Nfd7 5. f4 c5 6. Nf3 Nc6 7. Be3 Be7 8. Qd2 a6 9. dxc5 Bxc5 10. Bxc5 Nxc5 11. Qf2 Qb6 12. O-O-O Qa5 13. Kb1 O-O 14. h4 Bd7 15. h5 Rfc8 16. h6 g6 17. Qh4 Qd8 18.
Qxd8+ Rxd8 19. Bd3 b5 20. Ne2 b4 21. Ned4 Nxd4 22.
Nxd4 a5 23. g4 Kf8 24. Rhf1 Rac8 25. f5 Nxd3 26. cxd3 exf5 27. gxf5 Bxf5 28. Nxf5 gxf5 29. Rxf5 Re8 30. Rdf1 Rc7 31. e6 Rxe6 32. Rxd5 Rxh6 33. Rxa5 Rd6 34. Rb5 Rd4 35. Rh1 f6 36. Rbh5 Kg8 37.
Rg1+ Rg7 38. Rf1 Rxd3 39. Rxf6 Rd2 40. Rc6 Rgg2 41. Rc8+ Kg7 42. Rc7+ Kg6 43. Rhxh7 Rd1+ 0-1

[Event "Early-Titled-Tuesday-Blitz-September-26-2023"]
[Site "Chess.com"]
[Date "2023.09.26"]
[Round "3"]
[White "seopie"]
[Black "LoaySameer"]
[Result "1-0"]
[WhiteElo "2837"]
[BlackElo "2606"]
[TimeControl "180+1"]
[EndTime "8:27:52 PDT"]
[Termination "seopie won by resignation"]

1. d4 Nf6 2. c4 g6 3. Nc3 Bg7 4. e4 d6 5. h3 O-O 6. Be3 c5 7. Nf3 Nc6 8. d5 Na5 9. Be2 a6 10. O-O Rb8 11. Nd2 e5 12. a3 b5 13. cxb5 axb5 14.
Bxb5 Bd7 15. a4 Ne8 16. Nb3 Nxb3 17. Qxb3 Nc7 18. Qc4 f5 19. exf5 gxf5 20. f4 e4 21. Rab1 Nxb5 22. Nxb5 Bxb5 23. axb5 Qh4 24. b4 Qg3 25. Rb3 cxb4 26. Qxb4 Qg6 27. b6 Rb7 28. Qc4 Bf6 29. Qc6 Rg7 30. Qc2 Qh5 31. b7 Qxh3 32. b8=Q Qxe3+ 33. Rxe3 Rxb8 34. Rb3 Bd4+ 35. Kh2 Rf8 36.
Rfb1 Rg6 37. g3 Rh6+ 38. Kg2 Kg7 39. Rb8 Rff6 40. R1b7+ Kg6 41. Rg8+ 1-0